 Dungeon Crawl Stone Soup version 0.29-a0-962-gc8bbfd0a37 (webtiles) character file.

Game seed: 16151771765995317740

443 reriks the Conjurer (level 6, 0/32 HPs)
             Began as a Deep Elf Conjurer on July 30, 2022.
             Was a Priest of Lugonu.
             Slain by a phantom (5 damage)
             ... on level 5 of the Dungeon.
             The game lasted 00:06:58 (5840 turns).

reriks the Conjurer (Deep Elf Conjurer)             Turns: 5840, Time: 00:06:59

Health: 0/32       AC:  5    Str:  4    XL:     6   Next: 71%
Magic:  13/16      EV: 13    Int: 25    God:    Lugonu [***...]
Gold:   245        SH:  0    Dex: 13    Spells: 5/15 levels left

rFire   . . .      SeeInvis .   l - +0 short sword
rCold   . . .      Faith    .   (no shield)
rNeg    . . .      Spirit   .   a - +0 robe
rPois   +          Reflect  .   (no helmet)
rElec   .          Harm     .   (no cloak)
rCorr   .          Rampage  .   x - +0 pair of gloves
Will    +....                   s - +1 pair of boots
Stlth   +++.......              (no amulet)
HPRegen 0.10/turn               k - ring of poison resistance
MPRegen 0.15/turn               f - ring of willpower

@: no status effects
A: no striking features
a: Renounce Religion, Depart the Abyss, Bend Space, Banish


You were on level 5 of the Dungeon.
You worshipped Lugonu.
Lugonu was most pleased with you.
You visited 1 branch of the dungeon, and saw 5 of its levels.

You collected 245 gold pieces.

Inventory:

Hand Weapons
 l - a +0 short sword (weapon)
Armour
 a - a +0 robe (worn)
 s - a +1 pair of boots (worn)
 x - a +0 pair of gloves (worn)
Jewellery
 f - a ring of willpower (right hand)
 k - a ring of poison resistance (left hand)
 p - a ring of protection from cold
Scrolls
 e - 6 scrolls of vulnerability {unknown}
 g - 2 scrolls of enchant armour {unknown}
 j - a scroll of silence {unknown}
 m - 3 scrolls of teleportation {unknown}
 n - 2 scrolls of fear {unknown}
 o - a scroll of noise {unknown}
 q - 2 scrolls of blinking {unknown}
 u - a scroll of torment {unknown}
 w - a scroll of amnesia {unknown}
 y - 2 scrolls of immolation {unknown}
 B - a scroll of enchant weapon {unknown}
Potions
 b - 2 potions of magic
 c - 2 potions of haste {unknown}
 d - 2 potions of attraction
 h - a potion of cancellation
 i - a potion of might
 r - a potion of mutation {unknown}
 t - 2 potions of flight {unknown}
 v - 2 potions of invisibility {unknown}
 z - a potion of ambrosia {unknown}
 A - 3 potions of curing
 C - a potion of brilliance {unknown}


   Skills:
 + Level 4.7 Dodging
 + Level 5.0 Stealth
 + Level 5.4 Spellcasting
 + Level 5.8 Conjurations
 + Level 1.2 Invocations


You had 5 spell levels left.
You knew the following spells:

 Your Spells              Type           Power      Damage    Failure   Level
a - Magic Dart            Conj           100%       1d8       1%          1
b - Searing Ray           Conj           70%        2d7       1%          2
c - Dazzling Flash        Conj/Hex       42%        N/A       7%          3
d - Iskenderun's Mystic   Conj/Tloc      21%        2d6       24%         4

Your spell library contained the following spells:

 Spells                   Type           Power      Damage    Failure   Level
 Fulminant Prism          Conj/Hex       10%        3d9       24%         4
 Airstrike                Air            3%         0-2+      61%         4
 Summon Ice Beast         Ice/Summ       6%         N/A       61%         4
 Summon Forest            Summ/Tloc      3%         N/A       91%         5
 Starburst                Conj/Fire      10%        6d5       98%         6
 Haunt                    Necr/Summ      3%         N/A       100%        7


Dungeon Overview and Level Annotations

Branches:
Dungeon (5/15)
 Temple: D:4-7

Altars:
Dithmenos
Elyvilon
Gozag
Nemelex Xobeh
Qazlal
Ru
Sif Muna
The Shining One
Lugonu

Annotations:
D:2 1 runed translucent door, Crazy Yiuf


Message History

Aiming: Magic Dart (safe; 1% risk of failure)
Press: ? - help, Shift-Dir - straight line, f/p - ogre
Aim: an ogre, wielding a +0 giant club (lightly wounded, 100% to hit)
The magic dart hits the ogre.
The ogre is lightly wounded.
Casting: Magic Dart (safe; 1% risk of failure)
Confirm with . or Enter, or press ? or * to list all spells.
Aiming: Searing Ray (safe; 1% risk of failure)
Press: ? - help, Shift-Dir - straight line, f/p - ogre
Aim: an ogre, wielding a +0 giant club (lightly wounded, 91% to hit)
The searing ray hits the ogre.
The ogre is moderately wounded. (Press . to maintain the ray.)
Casting: Searing Ray (safe; 1% risk of failure)
Confirm with . or Enter, or press ? or * to list all spells.
You don't know that spell.
Unknown command.
The searing ray hits the ogre.
The ogre is heavily wounded.
The searing ray hits the ogre!
The ogre is severely wounded.
The searing ray misses the ogre.
You finish channelling your searing ray.
The ogre hits you with a +0 giant club!
Ouch! That really hurt!
The ogre attacks as you move away! The ogre completely misses you.
A phantom comes into view.
The phantom misses you.
The phantom hits you but does no damage.
The phantom hits you. The phantom attacks as you move away!
The phantom hits you.
* * * LOW HITPOINT WARNING * * *
The phantom attacks as you move away! The phantom hits you.
* * * LOW HITPOINT WARNING * * *
The phantom attacks as you move away! The phantom hits you.
* * * LOW HITPOINT WARNING * * *
The phantom attacks as you move away! The phantom completely misses you.
There is a stone staircase leading up here.
The phantom hits you.
You die...

###### #.OW@# #.####
########### ######.####
#......S... #.........#
#.########S #.........#
#.# #. #.........#
####.########.
######...####.............
#.##..........######.
###+#...........# #.


You could see an ogre and a phantom.

Vanquished Creatures
  A necrophage (D:4)
  2 hounds
  An orc priest (D:5)
  A jelly (D:5)
  An iguana (D:4)
  4 orc wizards
  4 adders
  2 worms
  A dart slug (D:1)
  18 orcs
  7 endoplasms
  5 giant cockroaches
  4 goblins
  5 hobgoblins
  3 jackals (D:2)
  9 kobolds
  3 quokkas
  6 ball pythons
  3 bats
  2 frilled lizards (D:1)
  4 rats
86 creatures vanquished.

Vanquished Creatures (others)
  5 plants (D:4)
5 creatures vanquished.

Grand Total: 91 creatures vanquished

Notes
Turn   | Place    | Note
-------+----------+-------------------------------------------
     0 | D:1      | reriks the Deep Elf Conjurer began the quest for the Orb.
     0 | D:1      | Reached XP level 1. HP: 10/10 MP: 6/6
   216 | D:1      | Got the Codex of the Atmosphere and Assembling
   227 | D:1      | Reached XP level 2. HP: 13/15 MP: 1/8
  1198 | D:2      | Reached XP level 3. HP: 18/19 MP: 2/10
  1519 | D:2      | Found a faded altar of an unknown god.
  1538 | D:2      | Prayed at the altar of an unknown god.
  1538 | D:2      | Became a worshipper of Lugonu the Unformed
  1538 | D:2      | Reached * piety under Lugonu
  1538 | D:2      | Reached ** piety under Lugonu
  1608 | D:2      | Found a runed translucent door.
  1609 | D:2      | Noticed Crazy Yiuf
  2076 | D:3      | Found a white marble altar of Elyvilon.
  2241 | D:2      | Learned a level 2 spell: Searing Ray
  2245 | D:2      | Learned a level 3 spell: Dazzling Flash
  2412 | D:3      | Reached XP level 4. HP: 24/24 MP: 8/11
  3039 | D:3      | Found a sparkling altar of Nemelex Xobeh.
  3088 | D:3      | Found a shimmering blue altar of Sif Muna.
  3119 | D:4      | Noticed a necrophage
  3129 | D:3      | Reached skill level 5 in Conjurations
  3138 | D:3      | HP: 1/24 [orc wizard/puff of flame (6)]
  3605 | D:4      | Learned a level 4 spell: Iskenderun's Mystic Blast
  3653 | D:4      | Reached XP level 5. HP: 28/28 MP: 9/13
  3726 | D:4      | Found an opulent altar of Gozag.
  3758 | D:4      | Reached *** piety under Lugonu
  3912 | D:4      | Found a sacrificial altar of Ru.
  4126 | D:4      | Found a stormy altar of Qazlal.
  4190 | D:4      | Reached skill level 5 in Spellcasting
  4190 | D:4      | Reached XP level 6. HP: 32/32 MP: 7/15
  4877 | D:5      | Entered Level 5 of the Dungeon
  4971 | D:5      | Found a shadowy altar of Dithmenos.
  5364 | D:5      | Reached skill level 5 in Stealth
  5364 | D:5      | Reached skill level 1 in Invocations
  5496 | D:5      | Found a glowing golden altar of the Shining One.
  5840 | D:5      | Slain by a phantom

Illustrated notes

Levels and vault maps discovered:
D:1:      amcnicky_arrival_underground_garden, layout_loops_ring,
          grunt_decor_cap
D:2:      layout_basic, ebering_ecumenical_altar_webs, uniq_crazy_yiuf_cottage
D:3:      layout_loops_ring, general_overflow_altar, kennysheep_orc_sif_temple,
          nemelex_spade_bored_becter
D:4:      nicolae_BIG_FREAKIN_CUBE, layout_rooms,
          nicolae_qazlal_eye_of_the_storm, mainiacjoe_overflow_six_doors_small,
          mainiacjoe_overflow_paths, serial_forest, infiniplex_forest_end_2,
          infiniplex_forest_end_double, infiniplex_forest_split,
          infiniplex_forest_clump_large, infiniplex_forest_lined_room_2,
          infiniplex_forest_zigzag_2, infiniplex_forest_clump_double,
          infiniplex_forest_zigzag_1, infiniplex_forest_lined_corner,
          st_stairs_10
D:5:      layout_basic, mainiacjoe_overflow_alcove_2,
          mainiacjoe_overflow_brackets

Skill      XL: |  1  2  3  4  5  6 |
---------------+-------------------+-----
Stealth        | 3 4 5 |  5.0
Dodging        | 3 4 |  4.7
Spellcasting   | 4 5 |  5.4
Conjurations   | 5 |  5.8
Invocations    | 1 |  1.2

Action                   |  1- 3 |  4- 6 || total
-------------------------+-------+-------++-------
Melee: Short sword       |       |     1 ||     1
 Cast: Magic Dart        |   111 |    65 ||   176
       Searing Ray       |       |    21 ||    21
  Use: Scroll            |     4 |       ||     4
       Potion            |       |     1 ||     1
Armor: Robe              |     4 |     7 ||    11
Dodge: Dodged            |     9 |    17 ||    26

Table legend: (Time is in decaauts)
 A = Elapsed time spent in this place.
 B = Non-inter-level travel time spent in this place.
 C = Inter-level travel time spent in this place.
 D = Time resting spent in this place.
 E = Time spent auto-exploring this place.
 F = Levels seen in this place.
 G = Mean time per level.
                   A        B        C        D        E       F      G
               +--------+--------+--------+--------+--------+-----+--------+
         Total |   5841 |   5693 |    148 |   2169 |   2953 |   5 | 1168.2 |
       Dungeon |   5841 |   5693 |    148 |   2169 |   2953 |   5 | 1168.2 |
               +--------+--------+--------+--------+--------+-----+--------+

Top non-repeatable levels by time:
     D:4: 1534 daAuts
     D:3: 1379 daAuts
     D:1: 1120 daAuts
     D:2: 1046 daAuts
     D:5: 761 daAuts
